 Dungeon Crawl Stone Soup version 0.21-a0-227-g58a7c62 (webtiles) character file.

2074 Moloch the Cleaver (level 9, -11/69 HPs)
             Began as a Mummy Fighter on Aug 30, 2017.
             Shot with a bolt by an orc warrior (27 damage)
             ... in a bailey.
             The game lasted 00:11:19 (6159 turns).

Moloch the Cleaver (Mummy Fighter)                  Turns: 6159, Time: 00:11:20

Health: -11/69     AC: 12    Str: 19    XL:     9   Next: 6%
Magic:  9/9        EV:  4    Int:  8    God:
Gold:   254        SH:  9    Dex: 14    Spells: 7/8 levels left

rFire    x . .     SeeInvis .   a - +0 war axe
rCold    + . .     Gourm    .   c - +0 shield
rNeg     + + +     Faith    .   z - +0 chain mail
rPois    ∞         Spirit   .   d - +2 hat
rElec    .         Reflect  .   y - +1 cloak
rCorr    .         Harm     .   (no gloves)
MR       +....                  (no boots)
Stlth    ..........             (no amulet)
HPRegen  0.21/turn              j - ring of flight
MPRegen  0.11/turn              (no ring)

@: no status effects
A: no food or potions, fire vulnerability, cold resistance 1, negative energy
resistance 3, torment resistance, unbreathing
a: Evoke Flight


You were in a bailey.
You were not hungry.

You visited 2 branches of the dungeon, and saw 8 of its levels.
You also visited: Bailey.

You collected 426 gold pieces.
You spent 172 gold pieces at shops.

Inventory:

Hand Weapons
 a - a +0 war axe (weapon)
 s - a cursed -2 flail
Missiles
 u - 4 poisoned javelins (quivered)
Armour
 c - a +0 shield (worn)
 d - a +2 hat (worn)
 y - a +1 cloak (worn)
 z - a +0 chain mail (worn)
Jewellery
 j - a ring of flight (left hand)
Wands
 h - a wand of lightning (4/15)
 i - a wand of enslavement (13/24)
 k - a wand of enslavement (16/24)
 l - a wand of lightning (4/15)
 q - a wand of random effects (43/48)
 v - a wand of digging (12/24)
 w - a wand of random effects (24/48)
 x - a wand of lightning (8/15)
Scrolls
 b - a scroll of blinking {unknown}
 e - 2 scrolls of remove curse
 f - a scroll of immolation
 g - a scroll of random uselessness {unknown}
 m - a scroll of recharging {unknown}
 o - a scroll of teleportation {unknown}
 p - 4 scrolls of identify
 r - a scroll of enchant weapon {unknown}
 t - a scroll of fog {unknown}
Books
 n - a book of Changes

   Spells                             Type                      Level
   a - Beastly Appendage              Transmutation                1
   b - Sticks to Snakes               Transmutation                2
   c - Spider Form                    Transmutation/Poison         3
   d - Ice Form                       Ice/Transmutation            4
   e - Blade Hands                    Transmutation                5


   Skills:
 + Level 5.9 Fighting
 * Level 9.2 Axes
 - Level 2.4 Armour
 - Level 2.4 Shields


You had 7 spell levels left.
You knew the following spells:

 Your Spells              Type           Power        Failure   Level  Hunger
a - Apportation           Tloc           #.....       100%        1    N/A

Dungeon Overview and Level Annotations

Branches:
Dungeon (7/15)             Temple (1/1) D:5

Altars:
Cheibriados
Dithmenos
Elyvilon
Hepliaklqana
Makhleb
Nemelex Xobeh
Qazlal
Ru
Sif Muna
Trog
Uskayaw
Vehumet
Wu Jian
Xom
Yredelemnul
The Shining One

Shops:
D:4 (   D:5 [   D:6 [


Innate Abilities, Weirdness & Mutations

You do not eat or drink.
Your flesh is vulnerable to fire.
You are immune to poison.
Your flesh is cold resistant. (rC+)
You are immune to negative energy. (rN+++)
You are immune to unholy pain and torment.
You can survive without breathing.


Message History

* * * LOW HITPOINT WARNING * * *
You see here a bolt.
The orc shoots a bolt.
You block the bolt.
You see here a bolt.
The orc shoots a bolt.
The bolt hits you but does no damage.
You see here a bolt.
The orc shoots a bolt.
You block the bolt.
You see here a bolt.
The orc shoots a bolt.
The bolt hits you but does no damage.
You see here 2 bolts.
There is a gate leading back out of this place here.
Your orc shoots a bolt.
Evoke which item? (* to show all) (? for menu, Esc to quit)
Aiming: Enslavement
Press: ? - help, Shift-Dir - straight line, f - orc warrior, p - orc
Aim: an orc warrior, wielding an arbalest and wearing a ring mail (heavily wounded, chance to defeat MR: 46%)
The orc warrior resists with some effort.
This wand has 13 charges left.
The orc warrior shoots a bolt.
The bolt hits you!!
You die...

#(.....≈##.##≈....
#(....(≈≈#.#≈≈....
#o.....(≈≈≈≈≈.....
#(......o.........
#(................
#.................
#(................
#.∩...............
#@................
##################


You could see an orc warrior and a friendly orc.

Vanquished Creatures
  2 hippogriffs
  Eustachio (D:6)
  3 sky beasts
  3 ice beasts
  A phantom (D:6)
  3 ogres (D:6)
  2 centaurs
  3 howler monkeys
  An orc priest (D:3)
  2 hounds (D:4)
  2 iguanas
  3 worker ants
  A hound skeleton (D:4)
  3 adders
  3 shadow imps
  4 worms (D:2)
  A dart slug (D:2)
  4 leopard geckos
  27 orcs
  2 giant cockroaches (D:1)
  3 goblins
  7 hobgoblins
  12 jackals
  7 quokkas
  2 ball pythons
  A ball python skeleton (D:4)
  11 bats
  9 frilled lizards
  10 kobolds
  2 leopard gecko skeletons (D:4)
  8 rats
143 creatures vanquished.

Vanquished Creatures (collateral kills)
  2 orcs (Bailey)
2 creatures vanquished.

Vanquished Creatures (others)
  5 dream sheep (D:4)
5 creatures vanquished.

Grand Total: 150 creatures vanquished

Notes
Turn   | Place    | Note
-------+----------+-------------------------------------------
     0 | D:1      | Moloch the Mummy Fighter began the quest for the Orb.
     0 | D:1      | Reached XP level 1. HP: 18/18 MP: 1/1
   145 | D:1      | Reached XP level 2. HP: 24/24 MP: 2/2
   358 | D:1      | Reached skill level 2 in Axes
   514 | D:1      | Reached XP level 3. HP: 24/30 MP: 3/3
  1010 | D:2      | Reached XP level 4. HP: 34/37 MP: 4/4
  1366 | D:3      | Reached skill level 3 in Axes
  1544 | D:3      | Learned a level 1 spell: Apportation
  1651 | D:3      | Reached XP level 5. HP: 24/42 MP: 5/5
  2123 | D:4      | Found Kiumih's Antique Weapon Boutique.
  2128 | D:4      | Noticed an ogre
  2398 | D:4      | Found a sacrificial altar of Ru.
  2460 | D:4      | Reached skill level 4 in Axes
  2569 | D:4      | Noticed a dream sheep
  2569 | D:4      | Noticed a dream sheep
  2569 | D:4      | Noticed a dream sheep
  2569 | D:4      | Noticed a dream sheep
  2569 | D:4      | Noticed a dream sheep
  2569 | D:4      | Found a shimmering altar of Xom.
  2575 | D:4      | Killed a dream sheep
  2575 | D:4      | Killed a dream sheep
  2575 | D:4      | Killed a dream sheep
  2575 | D:4      | Killed a dream sheep
  2577 | D:4      | Killed a dream sheep
  2859 | D:4      | Reached XP level 6. HP: 43/49 MP: 6/6
  3052 | D:5      | Entered Level 5 of the Dungeon
  3130 | D:5      | Found Werhag Rien's Antique Armour Shop.
  3132 | D:5      | Noticed an ice beast
  3154 | D:5      | Killed an ice beast
  3154 | D:5      | Reached skill level 5 in Axes
  3228 | D:5      | Found a staircase to the Ecumenical Temple.
  3237 | Temple   | Entered the Ecumenical Temple
  3538 | D:5      | Noticed a sky beast
  3583 | D:5      | Killed a sky beast
  3583 | D:5      | Reached XP level 7. HP: 11/55 MP: 7/7
  3883 | D:5      | Found a bloodstained altar of Trog.
  3883 | D:5      | Found a white marble altar of Elyvilon.
  3884 | D:5      | Found a hide-covered altar of Uskayaw.
  4105 | D:5      | Reached skill level 6 in Axes
  4263 | D:5      | Reached skill level 5 in Fighting
  4448 | D:6      | Noticed Eustachio
  4663 | D:6      | Killed Eustachio
  4663 | D:6      | Reached skill level 7 in Axes
  4761 | D:6      | Reached XP level 8. HP: 53/62 MP: 8/8
  5001 | D:6      | Found a sparkling altar of Nemelex Xobeh.
  5036 | D:6      | Noticed a hippogriff
  5158 | D:6      | Found a radiant altar of Vehumet.
  5270 | D:6      | Found Ofoditruikim's Armour Emporium.
  5275 | D:6      | Bought a +1 cloak for 172 gold pieces
  5414 | D:6      | Reached skill level 8 in Axes
  5450 | D:6      | Killed a hippogriff
  5775 | D:7      | Noticed a hippogriff
  5781 | D:7      | Reached skill level 9 in Axes
  5795 | D:7      | Killed a hippogriff
  5795 | D:7      | Reached XP level 9. HP: 6/69 MP: 9/9
  5798 | D:7      | Found a flagged portal.
  6092 | Bailey   | Entered a bailey
  6159 | Bailey   | Shot with a bolt by an orc warrior

Vault maps used:
D:1:      onia_arrival_pyramid
D:2:      first_bread
D:4:      marbit_many_paths, serial_shops, nicolae_shop_behind_doors,
          kb_xom_exploding_sheep
D:5:      minitemple, minmay_temple_entry_crystal_x, serial_shops,
          nicolae_shop_overgrown_old_shop
D:6:      nemelex_altar_shiori, nicolae_overflow_crystal_walls, serial_curves,
          eino_curves_02, eino_curves_02, eino_curves_03, eino_curves_02,
          serial_shops, nicolae_shop_behind_doors, uniq_eustachio
D:7:      grunt_gozag_breadcrumbs, enter_bailey_2
Temple:   dpeg_chambers_temple
Bailey:   bailey_polearm_2, bailey

Skill      XL: |  1  2  3  4  5  6  7  8 |
---------------+-------------------------+-----
Axes           | 2 3 4 5 7 9 |  9.2
Fighting       | 4 5 |  5.9
Armour         | |  2.4
Shields        | |  2.4

Action                   |  1- 3 |  4- 6 |  7- 9 || total
-------------------------+-------+-------+-------++-------
Melee: War axe           |   130 |   212 |   197 ||   539
Evoke: Wand              |       |       |     6 ||     6
  Use: Scroll            |       |     4 |     2 ||     6
Armor: Scale mail        |    77 |   129 |    56 ||   262
       Chain mail        |       |       |    53 ||    53
Dodge: Dodged            |    55 |    78 |    63 ||   196
Block: Shield            |    95 |   140 |   129 ||   364

Table legend:
 A = Spawn XP
 B = Non-spawn XP
 C = Spawn XP percentage of total XP
 D = Spawn monster count
 E = Non-spawn monster count
 F = Spawn count percentage of total count
 G = Total turns spent on level
                    A         B        C        D         E        F      G
               +---------+---------+-------+---------+---------+-------+---------
         Total |     561 |    2402 |  18.9 |      21 |     124 |  14.5 |  6159
               +---------+---------+-------+---------+---------+-------+---------
           D:1 |       2 |      40 |   4.8 |       1 |      28 |   3.4 |   678
           D:2 |       4 |      72 |   5.3 |       2 |      24 |   7.7 |   758
           D:3 |       6 |      86 |   6.5 |       3 |      16 |  15.8 |   641
           D:4 |      35 |     165 |  17.5 |       2 |      17 |  10.5 |   975
           D:5 |     139 |     657 |  17.5 |       6 |      12 |  33.3 |  1458
           D:6 |     375 |     898 |  29.5 |       7 |      19 |  26.9 |  1028
           D:7 |       0 |     478 |   0.0 |       0 |       5 |   0.0 |   350
        Temple |       0 |       2 |   0.0 |       0 |       1 |   0.0 |   204
        Bailey |       0 |       4 |   0.0 |       0 |       2 |   0.0 |    67
               +---------+---------+-------+---------+---------+-------+---------
